 Dungeon Crawl Stone Soup version 0.28.0-53-g5a82cb258f (webtiles) character file.

Game seed: 3662096479316611114

24383 issech the Cleaver (level 12, -2/97 HPs)
             Began as a Minotaur Monk on June 8, 2022.
             Was a High Priest of Hepliaklqana.
             Slain by a gnoll sergeant
             ... wielding a +2 spear of venom
              (6 damage)
             ... on level 11 of the Dungeon.
             The game lasted 00:58:42 (18193 turns).

issech the Cleaver (Minotaur Monk)                 Turns: 18193, Time: 00:58:43

Health: -2/97      AC: 23    Str: 28      XL:     12   Next: 80%
Magic:  11/11      EV: 11    Int:  7      God:    Hepliaklqana [*****.]
Gold:   1325       SH: 13    Dex: 21 (22) Spells: 11/11 levels left

rFire   . . .      SeeInvis .   P - +4 war axe (freeze)
rCold   . . .      Faith    .   w - +0 kite shield
rNeg    . . .      Spirit   .   t - +7 chain mail of Analysis {Will+ Dex+3}
rPois   .          Reflect  .   (helmet restricted)
rElec   .          Harm     .   n - scarf {+Inv}
rCorr   +          Rampage  .   O - +1 pair of gloves {Dex+3}
Will    ++...                   q - +0 pair of boots
Stlth   ..........              (no amulet)
HPRegen 0.26/turn               r - ring "Hionu" {Will+ rCorr Str+4}
MPRegen 0.12/turn               T - +6 ring of strength

@: no status effects
A: reduced essence, horns 2, retaliatory headbutt
a: Renounce Religion, Evoke Invisibility, Recall Ancestor, Ancestor Identity,
Transference, Idealise


You were on level 11 of the Dungeon.
You worshipped Hepliaklqana.
Hepliaklqana was extremely pleased with you.
You visited 2 branches of the dungeon, and saw 13 of its levels.
You also visited: Sewer.

You collected 1460 gold pieces.
You spent 135 gold pieces at shops.

Inventory:

Hand Weapons
 b - a +0 broad axe
 B - a +4 dagger of freezing
 J - a +5 mace of venom
 P - a +4 war axe of freezing (weapon)
Missiles
 a - 16 poisoned darts
 d - 105 sling bullets
 e - 351 stones
 f - 12 bolts
 x - 2 throwing nets
 N - 247 arrows
 Q - 7 boomerangs (quivered)
Armour
 n - a scarf of invisibility (worn)
 q - a +0 pair of boots (worn)
 t - the +7 chain mail of Analysis (worn) {Will+ Dex+3}
   (You found it on level 12 of the Dungeon)

   Dex:       It affects your dexterity (+3).
   Will:      It increases your willpower.
 w - a +0 kite shield (worn)
 G - the +3 hat of Pondering {ponderous, Will+ MP+10 Int+5}
   (You took it off Gastronok on level 12 of the Dungeon)

   Int:       It affects your intelligence (+5).
   MP:        It affects your magic capacity (+10).
   Will:      It increases your willpower.
 O - a +1 pair of gloves of dexterity (worn)
 X - the +4 ring mail "Rixtuoho" {rPois Int+4}
   (You found it on level 7 of the Dungeon)

   Int:       It affects your intelligence (+4).
   rPois:     It protects you from poison.
Jewellery
 c - a +6 ring of intelligence
 g - a +6 ring of dexterity
 k - a ring of protection from cold
 p - a +6 ring of intelligence
 r - the ring "Hionu" (left hand) {Will+ rCorr Str+4}
   (You bought it in a shop on level 7 of the Dungeon)

   [ring of resist corrosion]

   Str:       It affects your strength (+4).
   rCorr:     It protects you from acid and corrosion.
   Will:      It increases your willpower.
 C - a ring of see invisible
 T - a +6 ring of strength (right hand)
 Y - a ring of magical power
Wands
 m - a wand of digging (4)
 v - a wand of paralysis (10)
 y - a wand of flame (22)
 z - a wand of polymorph (10)
 F - a wand of iceblast (10)
 R - a wand of acid (13)
 U - a wand of mindburst (33)
Scrolls
 j - 4 scrolls of teleportation
 s - 4 scrolls of enchant weapon
 E - 2 scrolls of fog
 H - 3 scrolls of fear
 I - 2 scrolls of enchant armour
 K - 2 scrolls of summoning
 L - a scroll of blinking
 W - 2 scrolls of magic mapping
Potions
 h - 4 potions of might {unknown}
 i - 2 potions of magic {unknown}
 l - 9 potions of curing
 o - 3 potions of cancellation {unknown}
 u - 2 potions of flight {unknown}
 A - a potion of ambrosia
 D - 4 potions of attraction {unknown}
 M - 4 potions of mutation {unknown}
 S - 4 potions of haste
 V - 2 potions of heal wounds {unknown}
 Z - 3 potions of brilliance {unknown}


   Skills:
 + Level 10.6 Fighting
 + Level 8.5 Short Blades
 + Level 13.3 Axes
 + Level 2.4 Throwing
 + Level 12.6 Armour
 + Level 5.5 Dodging
 + Level 4.9 Stealth
 + Level 10.0 Shields
 + Level 0.6 Evocations


You had 11 spell levels left.
You didn't know any spells.
Your spell library contained the following spells:

 Spells                   Type           Power      Damage    Failure   Level
 Animate Skeleton         Necr           0%         N/A       99%         1
 Apportation              Tloc           0%         N/A       99%         1
 Beastly Appendage        Tmut           0%         N/A       99%         1
 Summon Small Mammal      Summ           0%         N/A       99%         1
 Sublimation of Blood     Necr           0%         N/A       99%         2
 Wereblood                Tmut           0%         N/A       99%         2
 Gell's Gravitas          Tloc           0%         N/A       100%        3
 Lesser Beckoning         Tloc           0%         N/A       100%        3
 Spider Form              Tmut/Pois      0%         N/A       100%        3
 Teleport Other           Tloc           0%         N/A       100%        3
 Tukima's Dance           Hex            0%         N/A       100%        3
 Leda's Liquefaction      Hex/Erth       0%         N/A       100%        4
 Passage of Golubria      Tloc           0%         N/A       100%        4
 Summon Ice Beast         Ice/Summ       0%         N/A       100%        4
 Lee's Rapid Deconstruct  Erth           0%         3d5*      100%        5
 Summon Mana Viper        Hex/Summ       0%         N/A       100%        5
 Yara's Violent Unravell  Hex/Tmut       0%         3d3       100%        5
 Statue Form              Tmut/Erth      0%         N/A       100%        6
 Monstrous Menagerie      Summ           0%         N/A       100%        7
 Summon Hydra             Summ           0%         N/A       100%        7


Dungeon Overview and Level Annotations

Branches:
Dungeon (12/15)            Temple (1/1) D:7            Lair (0/6) D:11
    Orc (0/2) D:9           Sewer (visited)

Altars:
Ashenzari
Cheibriados
Dithmenos
Elyvilon
Fedhas
Gozag
Hepliaklqana
Kikubaaqudgha
Makhleb
Nemelex Xobeh
Okawaru
Qazlal
Ru
Sif Muna
Trog
Uskayaw
Vehumet
Wu Jian
Xom
Yredelemnul
Zin
The Shining One

Shops:
D:7 *

Annotations:
D:8 3 runed translucent doors, OhItsWolfy's ghost, novice HOFi
D:11 exclusion: orange crystal statue


Innate Abilities, Weirdness & Mutations

Your life essence is reduced to manifest your ancestor. (-10% HP)
You have a pair of horns on your head.
You reflexively headbutt those who attack you in melee.


Message History

You hit the cyclops. You freeze the cyclops.
Shunnar casts a spell at the storm dragon.
The stone arrow hits the storm dragon!
The storm dragon bites Shunnar!
Shunnar is destroyed!
You slash the storm dragon! You freeze the storm dragon.
The storm dragon is heavily wounded.
You hit the cyclops but do no damage. You block the cyclops's attack.
The storm dragon breathes lightning at you.
The bolt of lightning hits you!!
You hear a roar!
You hear a deafening roar!
You slash the storm dragon! You freeze the storm dragon.
The storm dragon is severely wounded.
You slice the cyclops!! You freeze the cyclops.
You block the storm dragon's attack. The storm dragon claws you!
The storm dragon tramples you but does no damage.
As you read the scroll of teleportation, it crumbles to dust.
You feel strangely unstable.
The storm dragon breathes lightning at you.
The bolt of lightning hits you!!
* * * LOW HITPOINT WARNING * * *
The cyclops completely misses you.
You hear a roar!
The kobold demonologist gestures wildly while chanting.
You hit the cyclops. You freeze the cyclops.
The cyclops is lightly wounded.
You slash the cyclops! You freeze the cyclops.
Your surroundings suddenly seem different.
There is a stone staircase leading up here.
You climb upwards.
Level annotation: exclusion: orange crystal statue The centaur shoots an arrow.
The arrow hits you but does no damage.
The centaur warrior wields a +0 shortbow.
The centaur warrior shoots an arrow.
The arrow hits you!
* * * LOW HITPOINT WARNING * * *
The gnoll sergeant closely misses you. You furiously retaliate!
You headbutt the gnoll sergeant!
There is a stone staircase leading down, spattered with blood here.
The centaur shoots an arrow.
You block the arrow.
The gnoll sergeant hits you with a +2 spear of venom.
You die...

###'##'#.....#.##..###..###
#.....#.....'.....# #..#
#.....#.....#.....# #.
#.....#.....#.....#
#.....#.....#.....# #
#..##'#.....#####.# #..
#..#..............###.c.
#..#......g.......#..#
#..'.....@o.c..)..'..#
#..#.......p......#...#
#..#..........c...# ##g.#
#####........c.c...# .
#.....#'########'#.#.#
#.....#.......#....#..
#.....#.......#....#.# ##
#.....#.###...##...#.. ...
##'########...##.R.#.##.Z..


You could see a death knight, a centaur warrior, a gnoll sergeant, 3 centaurs
and an orc wizard.

Vanquished Creatures
  Gastronok (D:12)
  A boulder beetle (D:12)
  A two-headed ogre (D:11)
  A cyclops (D:12)
  2 centaur zombies
  An efreet (D:12)
  A komodo dragon (D:12)
  4 trolls
  Grinder (D:3)
  3 slime creatures (D:12)
  4 shadows
  15 yaks
  3 wraiths
  Eustachio (D:5)
  A wyvern (D:11)
  6 vampire mosquitoes
  Grum (D:10)
  A steam dragon (D:7)
  2 wargs
  A water moccasin (D:6)
  5 sky beasts
  2 ice beasts
  A hornet zombie (D:7)
  4 orc warriors
  2 necrophages
  3 ogres
  A wolf (D:10)
  4 centaurs
  2 phantoms
  7 bullfrogs
  2 wyvern zombies
  A gnoll sergeant (D:9)
  A water moccasin zombie (D:7)
  A wyvern skeleton (D:7)
  4 water moccasin skeletons
  3 wights (D:6)
  9 killer bees
  2 howler monkeys
  5 orc priests
  2 bullfrog zombies
  A gnoll shaman (D:7)
  8 hounds
  2 jellies (D:6)
  2 bullfrog skeletons
  A centaur skeleton (D:7)
  2 iguanas
  Terence (D:2)
  7 orc wizards
  Natasha (thrice) (D:2)
  Ijyb (D:4)
  2 killer bee zombies
  4 ogre zombies (D:9)
  A hound skeleton (D:4)
  2 howler monkey zombies
  8 gnolls
  A howler monkey skeleton (D:7)
  10 adders
  2 river rats (Sewer)
  A shadow imp (D:4)
  2 white imps
  An ufetubus (D:5)
  An adder skeleton (D:4)
  3 worms
  2 dart slugs (D:1)
  27 orcs
  7 bats
  6 endoplasms
  4 giant cockroaches
  6 goblins
  9 hobgoblins
  4 jackals (D:4)
  4 quokkas
  12 ball pythons
  5 frilled lizards
  A goblin zombie (D:9)
  3 hobgoblin zombies (D:9)
  12 kobolds
  2 orc skeletons (D:9)
  12 orc zombies (D:9)
  29 rats
323 creatures vanquished.

Vanquished Creatures (collateral kills)
  A fire dragon (D:12)
  Erolcha (D:10)
  A boulder beetle (D:11)
  A two-headed ogre (D:10)
  A deep elf pyromancer (D:12)
  2 ugly things
  4 centaur zombies
  2 gargoyles (D:12)
  An unseen horror (D:11)
  A wolf spider simulacrum (D:12)
  4 slime creatures
  A shadow (D:12)
  A wyvern (D:9)
  6 yaks
  A vampire mosquito (D:10)
  An orc warrior (D:9)
  An ogre (D:9)
  A wolf (D:10)
  3 centaurs
  2 kobold brigands
  A gnoll sergeant (D:12)
  6 killer bees
  An electric eel (D:10)
  2 orc priests
  An orc wizard (D:12)
  2 ogre zombies (D:9)
  A gnoll (D:9)
  4 orcs
  2 kobolds
  An orc zombie (D:9)
57 creatures vanquished.

Vanquished Creatures (others)
  6 battlemagi
  A plant (D:11)
7 creatures vanquished.

Grand Total: 387 creatures vanquished

Notes
Turn   | Place    | Note
-------+----------+-------------------------------------------
     0 | D:1      | issech the Minotaur Monk began the quest for the Orb.
     0 | D:1      | Reached XP level 1. HP: 19/19 MP: 0/0
   344 | D:1      | Reached skill level 4 in Axes
   401 | D:1      | Reached XP level 2. HP: 27/27 MP: 1/1
  1127 | D:1      | Found a faded altar of an unknown god.
  1308 | D:1      | Reached XP level 3. HP: 33/33 MP: 2/2
  1741 | D:2      | Noticed Natasha
  1748 | D:2      | Killed Natasha
  1749 | D:2      | Reached skill level 1 in Short Blades
  1900 | D:2      | Reached XP level 4. HP: 36/40 MP: 3/3
  1963 | D:2      | Noticed Natasha
  1970 | D:2      | Killed Natasha
  1977 | D:2      | Noticed Natasha
  1984 | D:2      | Killed Natasha
  2062 | D:2      | Noticed Terence
  2066 | D:2      | Killed Terence
  2067 | D:2      | Reached XP level 5. HP: 47/47 MP: 4/4
  2313 | D:3      | Found a transporter.
  2348 | D:3      | Found a transporter.
  2485 | D:3      | Noticed a necrophage
  2493 | D:3      | Killed a necrophage
  2505 | D:3      | Noticed an ogre
  3002 | D:3      | Noticed Grinder
  3013 | D:3      | Killed Grinder
  3014 | D:3      | Reached skill level 5 in Fighting
  3014 | D:3      | Reached skill level 1 in Armour
  3014 | D:3      | Reached XP level 6. HP: 46/56 MP: 5/5
  3143 | D:3      | You fall into a shaft and drop 1 floor!
  3189 | D:4      | Reached XP level 7. HP: 40/61 MP: 6/6
  3429 | D:4      | Reached skill level 5 in Short Blades
  4534 | D:4      | Noticed Ijyb
  4579 | D:4      | Killed Ijyb
  4687 | D:4      | Found a snail-covered altar of Cheibriados.
  5252 | D:5      | Entered Level 5 of the Dungeon
  5292 | D:5      | Noticed Eustachio
  5307 | D:5      | Killed Eustachio
  5308 | D:5      | Reached skill level 1 in Shields
  5308 | D:5      | Reached XP level 8. HP: 52/70 MP: 7/7
  5431 | D:5      | Found a glowing drain.
  5435 | Sewer    | Entered a sewer
  6246 | D:5      | Found a white marble altar of Elyvilon.
  6401 | D:5      | Reached skill level 5 in Armour
  6983 | D:6      | Reached XP level 9. HP: 55/78 MP: 8/8
  7140 | D:6      | Found an iron altar of Okawaru.
  7717 | D:7      | Found a basalt altar of Yredelemnul.
  7774 | D:7      | Identified the +4 ring mail "Rixtuoho" {rPois Int+4}
  8002 | D:7      | Found Imiez's Assorted Antiques.
  8010 | D:7      | Bought a smoking golden ring for 135 gold pieces
  8010 | D:7      | Identified the ring "Hionu" {Will+ rCorr Str+4} (You bought
                  | it in a shop on level 7 of the Dungeon)
  8455 | D:6      | Reached skill level 5 in Shields
  9060 | D:7      | Found a staircase to the Ecumenical Temple.
  9086 | Temple   | Entered the Ecumenical Temple
  9232 | Temple   | Became a worshipper of Hepliaklqana the Forgotten
  9232 | Temple   | Reached * piety under Hepliaklqana
  9232 | Temple   | Reached ** piety under Hepliaklqana
  9233 | Temple   | Remembered your ancestor Shunnar as a battlemage
  9318 | D:7      | Reached skill level 5 in Dodging
  9320 | D:7      | Reached XP level 10. HP: 79/79 MP: 9/9
 10013 | D:8      | Found a runed translucent gate.
 10013 | D:8      | Found a runed translucent gate.
 10013 | D:8      | Found a runed translucent gate.
 10120 | D:8      | Noticed OhItsWolfy's ghost (novice HOFi)
 10565 | D:9      | Found a staircase to the Orcish Mines.
 10573 | D:9      | Reached skill level 5 in Axes
 10809 | D:9      | Reached skill level 6 in Axes
 10969 | D:9      | Reached skill level 7 in Axes
 10985 | D:9      | Reached skill level 8 in Axes
 10988 | D:9      | Reached *** piety under Hepliaklqana
 11327 | D:9      | Reached skill level 10 in Armour
 11498 | D:9      | Found an opulent altar of Gozag.
 12171 | D:10     | Entered Level 10 of the Dungeon
 12206 | D:10     | Noticed Grum
 12218 | D:10     | Killed Grum
 12237 | D:9      | Found a shimmering blue altar of Sif Muna.
 12237 | D:9      | Found a shimmering altar of Xom.
 12284 | D:10     | Reached skill level 9 in Axes
 12286 | D:10     | Reached XP level 11. HP: 50/85 MP: 10/10
 12607 | D:10     | Noticed Erolcha
 12611 | D:10     | Killed Erolcha
 13214 | D:10     | Noticed a two-headed ogre
 13219 | D:10     | Killed a two-headed ogre
 13471 | D:11     | Reached **** piety under Hepliaklqana
 13513 | D:11     | Noticed a boulder beetle
 14042 | D:10     | Reached skill level 10 in Axes
 14244 | D:11     | Noticed a cyan ugly thing
 14251 | D:11     | Killed a cyan ugly thing
 14525 | D:11     | Found a staircase to the Lair.
 14911 | D:11     | Reached skill level 1 in Throwing
 15021 | D:11     | Reached skill level 11 in Axes
 15031 | D:11     | Noticed an orange crystal statue
 15037 | D:11     | Noticed a two-headed ogre
 15046 | D:11     | Killed a two-headed ogre
 15544 | D:11     | Killed a boulder beetle
 15545 | D:11     | Reached XP level 12. HP: 92/95 MP: 11/11
 15715 | D:11     | Noticed a death knight
 15722 | D:11     | Noticed a centaur warrior
 16146 | D:12     | Noticed Gastronok
 16161 | D:12     | Killed Gastronok
 16293 | D:12     | Noticed a boulder beetle
 16304 | D:12     | Killed a boulder beetle
 16305 | D:12     | Reached skill level 12 in Axes
 16726 | D:12     | Reached skill level 10 in Fighting
 16961 | D:12     | Identified the +7 chain mail of Analysis {Will+ Dex+3}
 17106 | D:12     | Reached ***** piety under Hepliaklqana
 17510 | D:12     | Noticed a fire dragon
 17521 | D:12     | Killed a fire dragon
 17726 | D:12     | Reached skill level 13 in Axes
 17986 | D:12     | Reached skill level 10 in Shields
 18165 | D:12     | Noticed a five-headed hydra
 18165 | D:12     | Noticed a storm dragon
 18192 | D:11     | HP: 3/97 [centaur warrior/arrow (13)]
 18193 | D:11     | Slain by a gnoll sergeant

Illustrated notes

Levels and vault maps discovered:
D:1:      doesnt_arrival_eight_statues, layout_basic,
          hellmonk_ecumenical_altar_leap_of_faith
D:2:      layout_rooms, uniq_natasha, uniq_terence
D:3:      gammafunk_wand_slinger, layout_loops_corners, uniq_grinder
D:4:      layout_basic, mainiacjoe_overflow_surrounded_room, serial_glass,
          glass_columns_a, glass_columns_c, uniq_ijyb
D:5:      layout_gridville, amcnicky_altar_gilded, gup_sewer_entry_bowl,
          corexii_checkpoint_a, feat_on_display, uniq_eustachio
D:6:      layout_cave_pools, mainiacjoe_overflow_paths, grunt_decor_cap,
          chequers_serial_rivers_micro_a, kennysheep_generic_room_10
D:7:      minmay_s_stair_smasher, layout_rooms, lemuel_zombie_altar_yredelemnul,
          minmay_temple_entry_offerings, serial_shops, nicolae_shop_crystal
D:8:      layout_basic, gammafunk_ghost_necromancy, serial_corexii_hall,
          chequers_hall_statues_wall_a, corexii_hall_statues_x,
          corexii_hall_statues_u, feat_on_display
D:9:      layout_irregular_city, lemuel_tele_altar,
          nicolae_overflow_hidden_temple, zombieorc1_lemuel, grunt_ogre_cave,
          grunt_decor_fettered, minmay_misc_feat_rugged
D:10:     layout_basic, uniq_erolcha, uniq_grum
D:11:     minmay_the_grid_triangle_9x9_rhombus_full_mashed
          [minmay_the_grid_triangle_9x9_thin_v,
          minmay_the_grid_triangle_9x9_pentomino_pain,
          minmay_the_grid_triangle_9x9_stretched_checkered,
          minmay_the_grid_triangle_9x9_corruption,
          minmay_the_grid_triangle_9x9_from_above,
          minmay_the_grid_triangle_9x9_negative_grid,
          minmay_the_grid_triangle_9x9_zippers_vertical,
          minmay_the_grid_triangle_9x9_prize_schism], layout_gridville,
          erik_lair_orcish_takeover, minivault_16
D:12:     lemuel_traditional_vault, layout_basic, grunt_ministairs_11,
          hangedman_weighted_door, uniq_gastronok
Temple:   regret_index_temple_waves

Skill      XL: |  1  2  3  4  5  6  7  8  9 10 11 12 |
---------------+-------------------------------------+-----
Axes           | 4 9 11 13 | 13.3
Fighting       | 4 5 6 7 8 9 10 | 10.6
Short Blades   | 1 2 4 6 7 8 |  8.5
Stealth        | 2 3 4 |  4.9
Dodging        | 4 5 |  5.5
Armour         | 1 2 3 6 9 10 11 12 | 12.6
Shields        | 1 4 5 6 8 10 | 10.0
Throwing       | 2 |  2.4
Evocations     | |  0.6

Action                   |  1- 3 |  4- 6 |  7- 9 | 10-12 || total
-------------------------+-------+-------+-------+-------++-------
Melee: Short sword       |    58 |    59 |   468 |       ||   585
       Headbutt          |     6 |    15 |   108 |    99 ||   228
       Punch             |     1 |       |       |       ||     1
       War axe           |       |       |    15 |   368 ||   383
Throw: Stone             |       |     1 |     4 |     6 ||    11
       Boomerang         |       |       |       |    14 ||    14
Invok: Ancestor Life: Ba |       |       |     1 |       ||     1
Evoke: Wand              |       |       |     8 |       ||     8
  Use: Scroll            |       |       |     9 |     7 ||    16
       Potion            |       |       |     1 |     3 ||     4
 Stab: Sleeping          |     4 |       |       |       ||     4
       Distracted        |       |       |       |    10 ||    10
Armor: Robe              |     7 |     2 |       |       ||     9
       Plate armour      |       |    27 |   290 |   213 ||   530
       Skin              |       |       |     5 |       ||     5
       Chain mail        |       |       |       |    24 ||    24
Dodge: Dodged            |    46 |    23 |   126 |   129 ||   324
Block: Kite shield       |       |       |   191 |   287 ||   478
